Map: Pillars of Gold LE

Players

KeyRiced

  • Race: Zerg Zerg
  • League: Master
  • Spawn Location: 7:00

MarcoMan - Winner!

  • Race: Protoss Protoss
  • League: Master
  • Spawn Location: 1:00

VOD

Have the link to the VOD?

Description

Time

  • Played on: Jan. 17, 2021, 3:13 p.m.
  • Length: 18:15
Show
View Real Time Build Order
Export as new Build Order

KeyRiced Zerg 

Build Orders: Hatch First 

Get SALT Encoding   

  12  0:00  Drone  
  13  0:12  Overlord  
  13  0:17  Drone  
  14  0:30  Drone x2  
  16  0:39  Drone  
  17  0:52  Hatchery  
  17  0:56  Drone  
  17  0:59  Drone  
  17  1:02  Extractor  
  17  1:20  Spawning Pool, Drone  
  17  1:28  Drone x2  
  19  1:42  Extractor  
  19  1:43  Drone  
  19  1:57  Drone  
  20  2:07  Hatchery  
  20  2:10  Queen  
  20  2:11  Roach Warren  
  20  2:15  Drone x2  
  22  2:29  Overlord  
  22  2:47  Hatchery  
  21  2:52  Roach  
  21  2:55  Roach  
  25  3:07  Roach x2  
  30  3:15  Lair  
  30  3:20  Overlord  
  29  3:43  Ravager x4  
  29  3:46  Drone x2  
  29  3:47  Overlord  
  35  4:07  Queen, Drone  
  38  4:13  Roach x3  
  38  4:14  Roach  
  46  4:37  Roach x2  
  46  4:38  Roach  
  35  5:15  Roach x3  
  39  5:23  Drone x6  
  39  5:26  Ravager x3  
  48  5:42  Ravager  
  43  5:57  Queen  
  43  5:58  Drone x3  
  43  6:02  Ravager  
  49  6:05  Queen, Hatchery  
  49  6:07  Overlord  
  49  6:08  Hatchery  
  49  6:14  Ravager  
  50  6:20  Drone x2  
  52  6:25  Drone  
  52  6:27  Spine Crawler  
  52  6:30  Spine Crawler  
  51  6:45  Queen, Drone x3  
  51  6:46  Metabolic Boost  
  56  6:58  Drone  
  57  7:02  Overlord  
  57  7:03  Roach  
  59  7:18  Drone  
  59  7:19  Drone x2  
  62  7:23  Ravager  
  62  7:24  Roach x2, Queen  
  62  7:29  Zergling x6  
  68  7:45  Zergling x4  
  70  7:57  Zergling x4  
  70  7:58  Zergling x4  
  72  8:03  Drone x3  
  72  8:04  Queen, Drone x3  
  80  8:09  Queen  
  78  8:33  Overlord x4  
  63  8:49  Zergling x2  
  63  8:50  Zergling x2, Queen  
  63  8:51  Zergling x4  
  67  9:10  Ravager  
  67  9:13  Hatchery  
  67  9:14  Roach x4, Spire  
  70  9:26  Zergling x2  
  70  9:27  Zergling x4  
  73  9:32  Hatchery  
  68  9:38  Ravager  
  68  9:39  Ravager x3  
  59  10:26  Mutalisk x3  
  65  10:28  Zergling x6  
  65  10:29  Zergling x2  
  65  10:32  Queen  
  71  10:47  Queen, Drone  
  74  10:53  Mutalisk  
  74  10:56  Zergling x6, Queen  
  81  11:05  Overseer  
  81  11:10  Drone x3  
  82  11:41  Drone x2  
  82  11:42  Drone x2  
  85  11:47  Corruptor x2  
  86  12:07  Hatchery  
  85  12:10  Corruptor  
  87  12:15  Extractor  
  83  12:32  Mutalisk  
  83  12:33  Zergling x4  
  83  12:35  Drone  
  83  12:36  Extractor x2, Drone x5  
  84  13:14  Spore Crawler  
  84  13:16  Overlord x5  
  81  13:22  Drone  
  81  13:24  Drone  
  77  13:29  Corruptor x3  
  80  13:48  Nydus Network  
  80  13:49  Drone x2  
  80  13:51  Drone x3  
  80  13:52  Spore Crawler, Queen  
  85  14:23  Roach x10  
  85  14:24  Roach x2  
  109  14:25  Nydus Canal  
  109  14:37  Drone x6  
  109  15:03  Drone x3  
  109  15:07  Nydus Canal  
  103  15:42  Nydus Canal, Drone  
  99  15:43  Drone x2  
  101  15:57  Overseer  
  101  16:00  Spine Crawler  
  101  16:02  Spine Crawler, Spore Crawler  
  101  16:03  Spine Crawler, Spore Crawler  
  92  16:17  Overlord x4  
  64  16:53  Hatchery  
  59  17:04  Hatchery  
  58  17:12  Queen, Drone  
  58  17:13  Drone x2  
  58  17:15  Spawning Pool  
  62  17:26  Overlord  
Show
View Real Time Build Order
Export as new Build Order

MarcoMan Protoss - Winner!

Build Orders:  

Get SALT Encoding   

  12  0:01  Probe  
  13  0:13  Probe  
  14  0:19  Pylon  
  14  0:25  Probe  
  15  0:37  Probe  
  15  0:40  Forge  
  16  0:57  Pylon  
  16  0:59  Pylon  
  16  1:17  Photon Cannon  
  16  1:21  Gateway  
  16  1:24  Probe  
  17  1:36  Probe  
  17  1:37  Photon Cannon  
  18  1:43  Assimilator  
  18  1:48  Probe  
  19  2:00  Assimilator, Probe  
  20  2:12  Probe, Cybernetics Core  
  21  2:19  Photon Cannon  
  21  2:24  Probe  
  22  2:36  Pylon, Probe  
  23  2:47  Stalker (Chrono Boost)  
  26  2:56  Photon Cannon  
  25  3:03  Photon Cannon  
  25  3:09  Shield Battery  
  25  3:21  Shield Battery  
  25  3:23  Pylon  
  25  3:25  Stalker (Chrono Boost)  
  27  3:41  Robotics Facility  
  27  3:45  Warp Gate  
  27  3:46  Adept  
  28  4:14  Photon Cannon  
  28  4:15  Shield Battery  
  26  4:17  Pylon  
  26  4:25  Immortal (Chrono Boost)  
  30  4:40  Pylon  
  30  4:42  Shield Battery  
  30  4:49  Stalker  
  30  5:08  Shield Battery  
  30  5:12  Immortal (Chrono Boost)  
  28  5:20  Photon Cannon  
  32  5:22  Shield Battery  
  32  5:34  Gateway  
  32  5:52  Warp Prism (Chrono Boost)  
  34  6:05  Stalker  
  36  6:23  Observer (Chrono Boost)  
  37  6:53  Robotics Bay, Pylon  
  37  7:13  Stalker x2  
  41  7:21  Immortal  
  43  7:47  Stalker x2  
  47  8:03  Colossus  
  53  8:24  Stalker x2  
  57  8:30  Pylon  
  53  8:54  Zealot x2  
  57  9:00  Stargate  
  57  9:19  Nexus  
  57  9:21  Pylon  
  57  9:27  Stalker  
  59  9:44  Photon Cannon  
  55  9:59  Phoenix  
  57  10:15  Shield Battery  
  57  10:25  Phoenix (Chrono Boost)  
  59  10:46  Pylon  
  59  10:56  Disruptor  
  58  11:08  Phoenix (Chrono Boost)  
  59  11:21  Assimilator  
  59  11:24  Assimilator  
  59  11:25  Phoenix  
  58  12:26  Probe  
  59  12:31  Colossus  
  65  12:38  Probe  
  66  12:47  Phoenix (Chrono Boost)  
  66  12:52  Pylon  
  66  12:54  Probe  
  67  13:05  Stalker x2  
  69  13:09  Nexus  
  69  13:11  Pylon  
  71  13:14  Shield Battery  
  71  13:41  Phoenix  
  71  13:42  Photon Cannon  
  71  13:46  Assimilator  
  73  13:52  Adept  
  74  13:58  Adept  
  76  14:24  Protoss Air Weapons Level 1  
  74  14:35  Probe  
  69  15:00  Phoenix  
  71  15:07  Stalker x2  
  75  15:25  Phoenix  
  76  15:36  Stalker x2  
  77  15:51  Photon Cannon  
  77  15:53  Photon Cannon  
  76  16:10  Disruptor (Chrono Boost)  
  79  16:34  Stalker  
  79  16:35  Stalker  
  79  16:46  Pylon  
  79  16:49  Pylon  
  79  16:51  Pylon  
  79  16:53  Pylon  
  79  17:03  Disruptor  
  80  17:18  Nexus  
  80  17:22  Pylon  
  80  17:31  Gateway  
Tags
 
Matchup
PvZ
Replay Pack
Weekend
Spawn Locations
Cross Positions
Add a new tag
Caveats
  • Supply blocks, unpowered buildings, or Contaminate may cause inaccurate times.
  • Supply counts are checked every 10 seconds.